Map: Blackrock LE

Players

ViBE - Winner!

  • Race: Terran Terran
  • League: Master

GRAVER

  • Race: Terran Terran
  • League: Gold

VOD

Have the link to the VOD?

Description

Time

  • Played on: Oct. 23, 2026, 7:06 p.m.
  • Length: 19:25
Show
View Real Time Build Order
Export as new Build Order

ViBE Terran - Winner!

Build Orders: Mech 

Get SALT Encoding   

  12  0:00  SCV  
  13  0:12  SCV  
  14  0:24  SCV  
  15  0:28  Supply Depot  
  15  0:50  SCV, Barracks  
  16  0:59  Refinery  
  16  1:02  SCV  
  17  1:14  SCV  
  18  1:26  SCV  
  20  1:40  Orbital Command  
  20  1:43  Command Center  
  19  1:55  Marine  
  19  2:01  Factory  
  20  2:06  SCV  
  21  2:14  Supply Depot  
  21  2:18  SCV  
  22  2:30  SCV  
  23  2:42  SCV  
  23  2:43  Supply Depot  
  24  2:46  Factory Tech Lab  
  24  2:52  Refinery  
  24  2:54  SCV  
  24  2:57  Orbital Command  
  25  3:01  Marine  
  25  3:04  Siege Tank  
  29  3:06  SCV  
  29  3:08  Supply Depot  
  30  3:18  SCV  
  31  3:21  Marine  
  31  3:23  SCV  
  33  3:30  SCV  
  34  3:35  SCV, Supply Depot  
  34  3:36  Siege Tank  
  38  3:42  SCV  
  38  3:47  SCV  
  40  3:50  Factory  
  40  3:54  SCV  
  41  3:57  Marine  
  41  3:59  SCV  
  41  4:02  Supply Depot  
  43  4:07  SCV  
  44  4:11  SCV  
  44  4:13  Siege Tank  
  48  4:19  SCV  
  48  4:22  Barracks Reactor  
  48  4:23  SCV  
  50  4:26  Supply Depot  
  50  4:31  SCV  
  51  4:34  Command Center  
  51  4:35  SCV  
  52  4:41  Refinery x2  
  52  4:43  SCV  
  53  4:46  Armory  
  53  4:47  SCV  
  54  4:55  Siege Tank, SCV  
  54  4:59  SCV  
  59  5:05  Hellion  
  59  5:06  Hellion  
  63  5:07  SCV  
  63  5:12  SCV  
  65  5:19  SCV  
  66  5:24  SCV  
  66  5:27  Hellion x2  
  71  5:31  SCV  
  71  5:32  Supply Depot x3  
  71  5:35  Thor  
  78  5:36  SCV  
  78  5:39  Factory  
  79  5:43  Terran Vehicle Weapons Level 1, SCV  
  79  5:47  Orbital Command  
  79  5:48  SCV, Hellion x2  
  85  5:55  SCV  
  86  6:00  SCV  
  87  6:06  Orbital Command  
  87  6:08  SCV  
  87  6:10  Hellion x2  
  92  6:12  SCV  
  93  6:20  SCV  
  93  6:24  Command Center, SCV  
  93  6:25  Thor  
  101  6:27  Factory Tech Lab  
  101  6:32  SCV  
  102  6:33  Hellion  
  102  6:35  Hellion  
  102  6:36  SCV  
  102  6:37  SCV  
  108  6:44  SCV  
  109  6:48  SCV  
  109  6:49  SCV  
  109  6:50  Thor  
  117  6:56  SCV  
  117  6:57  Supply Depot  
  117  6:58  Supply Depot  
  118  7:02  SCV x2, Supply Depot  
  118  7:03  Supply Depot  
  118  7:06  Refinery  
  118  7:07  Refinery  
  118  7:08  SCV  
  121  7:12  Armory  
  121  7:14  SCV  
  121  7:15  SCV  
  123  7:16  Engineering Bay  
  123  7:19  Hellion x2, Thor  
  123  7:20  SCV  
  134  7:27  SCV x2  
  134  7:28  Supply Depot x2  
  136  7:32  SCV  
  136  7:34  Thor  
  143  7:39  SCV x2  
  145  7:44  SCV  
  145  7:45  Hellion  
  145  7:46  Hellion  
  145  7:50  Command Center  
  145  7:51  SCV  
  151  7:59  Factory  
  151  8:01  Factory, Thor  
  157  8:08  Terran Vehicle Weapons Level 2  
  157  8:09  Terran Vehicle And Ship Armor Level 1  
  157  8:12  Hellion x2  
  161  8:13  SCV x3  
  161  8:17  Thor  
  168  8:26  SCV x3  
  171  8:34  Hellion x2  
  175  8:38  SCV  
  175  8:40  Planetary Fortress  
  174  8:41  Refinery  
  174  8:43  Refinery  
  174  8:44  Thor  
  180  8:55  Factory Tech Lab x2  
  180  8:56  Hellion  
  180  8:57  Hellion  
  180  9:00  Thor  
  190  9:16  Thor  
  196  9:18  Command Center, Hellion  
  196  9:19  Hellion  
  200  9:46  Factory x3  
  200  9:48  Factory  
  200  9:51  Factory  
  200  9:53  Factory x2  
  200  9:57  Factory x2  
  200  9:59  Factory  
  200  10:00  Planetary Fortress  
  196  10:15  Thor  
  196  10:17  Thor  
  196  10:19  Hellion  
  196  10:20  Hellion  
  182  10:22  Hellion x2  
  160  10:33  Refinery x2  
  160  10:34  Missile Turret  
  140  10:35  Factory Reactor  
  140  10:36  Factory Reactor x3  
  140  10:38  Factory Tech Lab x3  
  140  10:42  Missile Turret  
  134  10:46  Command Center  
  134  10:48  Thor x2  
  146  10:51  Hellion x2  
  146  10:52  Factory Tech Lab x2  
  146  10:56  Factory Reactor  
  144  11:02  Thor  
  138  11:14  Hellion x8  
  138  11:15  Hellion  
  138  11:16  Hellion, Thor  
  164  11:18  Thor  
  170  11:26  Thor  
  176  11:35  Thor  
  176  11:37  Hellion x8  
  176  11:38  Hellion  
  200  11:59  Factory  
  200  12:06  Planetary Fortress  
  200  12:23  Terran Vehicle And Ship Armor Level 2, Terran Vehicle Weapons Level 3  
  200  12:24  Missile Turret  
  200  12:25  Refinery  
  200  12:26  Neosteel Armor  
  200  12:28  Infernal Pre-Igniter  
  200  12:30  Smart Servos  
  200  12:45  Missile Turret  
  200  12:47  Missile Turret  
  200  12:49  Missile Turret  
  200  13:05  Command Center  
  196  13:19  Factory Tech Lab, Thor  
  190  13:20  Thor  
  190  13:21  Thor  
  190  13:22  Thor  
  190  13:23  Thor  
  180  13:28  Thor x4  
  180  13:32  Hellion x11  
  180  13:33  Hellion  
  174  13:53  Hellion x2  
  174  13:54  Hellion x2  
  186  13:55  Hellion  
  186  13:56  Hellion x6  
  186  13:57  Hellion  
  186  13:59  Refinery  
  186  14:00  Refinery  
  186  14:02  Missile Turret  
  198  14:06  Hi-Sec Auto Tracking  
  192  14:20  Thor x3  
  192  14:21  Thor  
  192  14:22  Thor  
  196  14:24  Thor  
  196  14:26  Hellion x3  
  196  14:27  Hellion, Thor  
  196  14:35  Planetary Fortress  
  196  14:37  Thor  
  196  14:42  Hellion x2  
  200  14:52  Factory Tech Lab  
  200  15:23  Terran Vehicle And Ship Armor Level 3  
  176  15:30  Command Center  
  176  15:31  Thor x6  
  176  15:32  Thor  
  176  15:34  Hellion  
  176  15:35  Hellion  
  196  15:40  Hellion  
  196  15:41  Hellion x4  
  190  15:47  Thor  
  174  15:54  SCV x4  
  174  15:58  SCV  
  174  15:59  SCV  
  174  16:06  SCV x3  
  174  16:08  Hellion x7  
  174  16:09  Hellion x3  
  197  16:15  Hellion  
  199  16:25  Factory  
  198  16:30  Factory  
  168  16:37  Thor  
  168  16:38  Thor x2  
  180  16:40  Missile Turret, Thor  
  180  16:45  SCV x3  
  180  16:46  SCV x2  
  191  16:48  SCV  
  192  16:58  Thor  
  192  17:00  Hellion  
  190  17:28  Thor x2  
  200  17:48  Command Center  
  196  17:57  Thor  
  196  17:58  Thor x2  
  196  17:59  Factory, Hellion x2  
  196  18:00  Factory Tech Lab x3  
  198  18:05  Orbital Command  
  190  18:22  Thor  
  196  18:42  Thor  
  196  18:45  Factory Tech Lab  
  196  19:02  Command Center  
Show
View Real Time Build Order
Export as new Build Order

GRAVER Terran 

Build Orders:  

Get SALT Encoding   

  12  0:00  SCV  
  13  0:12  SCV  
  14  0:18  Supply Depot  
  14  0:24  SCV  
  15  0:40  SCV  
  15  0:41  Barracks  
  16  0:52  SCV  
  17  0:59  Refinery  
  17  1:04  SCV  
  18  1:16  SCV  
  19  1:28  SCV  
  20  1:34  Command Center  
  20  1:35  Marine  
  21  1:42  Orbital Command  
  21  1:54  Supply Depot  
  21  2:03  Marine  
  22  2:09  SCV  
  22  2:15  Factory  
  24  2:24  SCV  
  25  2:33  Barracks Reactor  
  25  2:36  SCV  
  25  2:42  Supply Depot  
  25  2:48  Orbital Command, SCV  
  26  2:53  Refinery  
  26  2:58  Factory Tech Lab  
  26  3:00  Barracks, SCV  
  27  3:13  SCV  
  28  3:22  SCV  
  28  3:25  SCV  
  28  3:26  Supply Depot  
  30  3:27  Siege Tank  
  30  3:28  Marine x2  
  30  3:34  SCV  
  36  3:37  SCV  
  37  3:46  SCV  
  38  3:48  Barracks, Barracks Tech Lab  
  38  3:49  SCV, Marine x2  
  41  3:58  SCV  
  41  4:01  SCV  
  41  4:02  Supply Depot  
  43  4:04  Siege Tank  
  43  4:09  Marine x3  
  49  4:25  SCV x2  
  49  4:28  Command Center  
  49  4:29  Supply Depot  
  49  4:30  Marine x2  
  49  4:31  Marine  
  54  4:35  Combat Shield  
  54  4:46  Barracks, Barracks Tech Lab  
  54  4:48  Barracks Reactor  
  54  4:49  Marine  
  54  4:50  Marine x2  
  57  4:54  Supply Depot  
  57  4:58  SCV x2  
  59  5:02  Refinery  
  59  5:03  Refinery  
  59  5:07  Engineering Bay  
  59  5:08  Engineering Bay  
  59  5:10  SCV x2  
  61  5:22  SCV x2  
  63  5:33  Marine x4  
  63  5:34  SCV x2  
  69  5:36  Barracks Reactor  
  69  5:40  Barracks  
  69  5:41  Marine, Command Center  
  70  5:53  SCV x2  
  70  5:54  Stimpack  
  72  6:05  SCV x2  
  72  6:06  Terran Infantry Weapons Level 1  
  72  6:07  Terran Infantry Armor Level 1  
  72  6:11  Armory  
  74  6:17  SCV x2  
  76  6:18  Orbital Command  
  76  6:25  Supply Depot  
  76  6:26  Supply Depot  
  76  6:27  Supply Depot  
  76  6:28  Supply Depot  
  76  6:29  SCV x2, Supply Depot  
  78  6:41  SCV x2  
  78  6:44  SCV  
  81  6:48  Barracks Reactor  
  81  6:53  SCV x2  
  83  6:56  Barracks, SCV  
  83  6:57  Barracks  
  83  6:58  Barracks  
  83  7:00  Barracks  
  84  7:03  Barracks  
  84  7:05  SCV  
  84  7:06  Barracks  
  85  7:13  Starport  
  85  7:14  Siege Tank  
  85  7:15  Marine x5  
  91  7:16  Marine x2  
  95  7:32  Marine x2  
  95  7:33  Marine x5  
  95  7:34  Marine x2, Concussive Shells  
  104  7:39  SCV  
  104  7:40  SCV x2  
  107  7:51  SCV  
  107  7:52  SCV x2  
  107  7:56  Starport Reactor  
  110  7:59  Barracks Reactor  
  110  8:00  Barracks Tech Lab x2  
  110  8:01  Barracks Tech Lab, Barracks Reactor  
  110  8:04  SCV  
  111  8:10  Planetary Fortress  
  111  8:29  SCV x2  
  111  8:30  SCV  
  114  8:36  Medivac x2  
  114  8:38  Marine x11  
  114  8:39  Marine x6  
  135  8:41  SCV  
  135  8:42  SCV  
  137  8:49  Supply Depot  
  137  8:51  Supply Depot  
  137  8:53  Supply Depot x2  
  137  8:55  Marine  
  137  8:56  Marine x6, Supply Depot  
  137  8:57  Marine x2  
  137  8:58  Marine x5  
  137  8:59  Marine  
  152  9:06  Medivac x2  
  156  9:13  Command Center  
  156  9:17  Marine  
  156  9:18  Marine  
  156  9:19  Marine x6  
  156  9:20  Marine x6  
  156  9:21  Marine x2  
  172  9:26  SCV  
  172  9:27  SCV x3  
  176  9:35  Medivac  
  176  9:36  Medivac  
  180  9:38  SCV  
  180  9:39  SCV x3  
  184  9:46  Terran Infantry Weapons Level 2, Terran Infantry Armor Level 2  
  184  9:47  Marine x3  
  184  9:48  Marine x6  
  184  9:49  Marine x3  
  196  10:14  Marine  
  196  10:15  SCV, Marine  
  196  10:16  Medivac  
  196  10:17  Marine  
  181  10:21  Marauder x2  
  181  10:22  Medivac  
  181  10:23  Marine  
  181  10:24  Marine x11  
  154  10:32  Marauder  
  154  10:33  Marine  
  154  10:35  Marauder  
  132  10:41  Marine  
  132  10:42  Marine x11, Marauder  
  133  10:43  Marauder  
  129  10:51  Marine  
  129  10:54  Marauder  
  129  10:56  Marine  
  132  10:59  Marine x7  
  132  11:00  Marine x5  
  132  11:03  Marine x2  
  141  11:09  Marine  
  142  11:14  Marine x2  
  142  11:17  Marine x11, Barracks  
  142  11:18  Marine, Barracks x2  
  156  11:21  Barracks, Marine x2  
  156  11:23  Barracks, Medivac x2  
  156  11:24  Barracks  
  156  11:25  Barracks  
  162  11:27  Marine  
  162  11:32  Marine x2  
  164  11:34  Marine  
  164  11:35  Marine x8  
  164  11:37  SCV x3  
  177  11:49  SCV x3  
  177  11:54  Command Center  
  180  11:57  Command Center, Marine  
  180  11:58  Marine  
  182  12:01  SCV x2  
  182  12:02  Orbital Command  
  182  12:08  Marine x4  
  185  12:10  Marauder  
  185  12:14  Marauder x2  
  196  12:15  Marauder  
  196  12:21  Barracks Reactor  
  196  12:22  Barracks Reactor  
  196  12:23  Barracks Reactor x5  
  196  12:38  Barracks Reactor  
  196  12:43  Terran Infantry Weapons Level 3, Terran Infantry Armor Level 3  
  196  12:54  Supply Depot  
  196  12:58  Supply Depot  
  196  13:05  Marine x4  
  200  13:09  Marine x2  
  200  13:10  Marine x2  
  200  13:12  Marine x4  
  200  13:15  Marauder  
  200  13:16  Marauder  
  200  13:17  Marauder x2  
  196  13:23  Marine x8  
  196  13:24  Marine x12  
  190  13:27  Marine x2  
  190  13:28  Marine x2  
  190  13:29  Marine  
  190  13:30  Marine x3  
  178  13:36  Marauder  
  178  13:38  Marauder x3  
  178  13:40  Marine  
  178  13:41  Marine x6  
  181  13:43  Marine  
  181  13:44  Marine  
  188  13:57  Marauder  
  188  13:59  Marauder  
  188  14:00  Marauder  
  194  14:04  Marine  
  195  14:17  Marine  
  195  14:19  Marine x4  
  195  14:20  Marine x6  
  195  14:21  Marine, Marauder  
  195  14:22  Marauder  
  142  14:36  Marine x10  
  142  14:37  Marine x11  
  135  14:54  Marine  
  135  14:55  Marine x11  
  135  14:56  Marine  
  135  14:59  Marine  
  149  15:00  Marine  
  149  15:01  Marine  
  149  15:04  SCV x2  
  153  15:16  SCV  
  123  15:43  Marine  
  123  15:44  Marine x18  
  130  15:51  Medivac x2  
  134  16:03  Marine x6  
  134  16:04  Marine x4  
  135  16:21  Marine x10, Medivac x2  
  135  16:22  Marine  
  113  16:35  Marine  
  113  16:36  Marine x9  
  113  16:37  Marine  
  123  16:43  SCV x2  
  125  16:55  SCV  
  126  17:17  Marine x9  
  126  17:18  Marine x14  
  133  17:24  Marine  
  133  17:25  Marine x3  
  133  17:26  Marine  
  117  17:35  Marine x4  
  92  18:09  Command Center  
  92  18:10  Marine x12  
  92  18:11  Marine x6  
  109  18:23  Marine  
  109  18:24  Marine x3  
  71  18:46  Marine x5  
  71  18:47  Marine x4  
  71  18:48  Marine x5  
  70  18:49  Marine x2  
Tags
 
Composition
Mech
Matchup
TvT
Player
ViBE
Race
Terran
Add a new tag
Caveats
  • Supply blocks, unpowered buildings, or Contaminate may cause inaccurate times.
  • Supply counts are checked every 10 seconds.